Map: Abyssal Reef LE

Players

kingut

  • Race: Zerg Zerg
  • Spawn Location: 11:00

MetallicaVN - Winner!

  • Race: Terran Terran
  • League: Diamond
  • Spawn Location: 5:00

VOD

http://www.ggtracker.com/matches/7176480

Description

Time

  • Played on: Sept. 14, 2017, 2:12 p.m.
  • Length: 7:03
Show
View Real Time Build Order
Export as new Build Order

kingut Zerg 

Build Orders: Pool First 

Get SALT Encoding   

  12  0:01  Drone  
  13  0:15  Extractor  
  12  0:27  Spawning Pool  
  11  0:29  Drone  
  11  0:33  Drone  
  13  0:38  Drone  
  14  0:46  Extractor  
  14  0:48  Drone  
  15  0:57  Overlord  
  15  1:15  Zergling x2  
  15  1:16  Metabolic Boost  
  16  1:24  Queen  
  18  1:30  Drone  
  19  1:33  Drone  
  20  1:44  Overlord  
  20  2:03  Queen  
  22  2:21  Baneling Nest  
  21  2:24  Drone x3, Evolution Chamber  
  23  2:33  Zergling x6  
  26  2:44  Pneumatized Carapace  
  26  2:48  Drone  
  27  3:00  Zerg Melee Weapons Level 1  
  27  3:14  Zergling x6  
  27  3:17  Baneling x2  
  30  3:20  Overlord  
  30  3:25  Baneling  
  30  3:26  Zergling x2  
  30  3:28  Overlord  
  30  3:35  Baneling  
  30  3:44  Baneling  
  30  3:54  Baneling  
  30  4:05  Baneling  
  30  4:08  Drone  
  31  4:11  Extractor, Drone x2  
  31  4:12  Drone x2  
  31  4:15  Baneling  
  34  4:24  Hatchery  
  33  4:48  Lair  
  33  4:59  Drone  
  34  5:01  Drone  
  34  5:02  Drone x5  
  40  5:35  Overlord x3  
  40  5:36  Overlord x2  
  38  6:00  Hatchery  
  38  6:01  Drone  
  38  6:02  Drone x3  
  41  6:20  Drone x2  
  41  6:21  Drone x2  
  45  6:29  Zergling x6  
  45  6:30  Zergling x2  
  49  6:37  Zergling x4  
  51  6:42  Drone x2  
  51  6:43  Infestation Pit  
Show
View Real Time Build Order
Export as new Build Order

MetallicaVN Terran - Winner!

Build Orders: MMM Bio 

Get SALT Encoding   

  12  0:01  SCV  
  13  0:13  SCV  
  14  0:17  Supply Depot  
  14  0:25  SCV  
  15  0:39  SCV  
  15  0:40  Barracks  
  16  0:45  Refinery  
  16  0:51  SCV  
  17  1:03  SCV  
  18  1:15  SCV  
  19  1:28  Orbital Command  
  19  1:42  Marine  
  19  1:44  Command Center  
  20  1:52  Supply Depot  
  20  1:57  SCV  
  20  2:00  Marine  
  21  2:17  Factory  
  21  2:18  Marine, SCV  
  23  2:27  Refinery  
  23  2:30  SCV  
  23  2:32  Barracks  
  24  2:39  Marine  
  24  2:42  SCV  
  26  2:54  SCV  
  26  2:58  Orbital Command  
  27  3:01  Barracks Tech Lab  
  27  3:02  Factory Tech Lab  
  27  3:05  Barracks  
  27  3:11  SCV  
  28  3:22  Stimpack  
  28  3:24  Siege Tank  
  31  3:27  Marine  
  31  3:32  Marine  
  33  3:46  Barracks Reactor  
  33  3:49  SCV  
  33  3:50  Marine  
  35  3:55  Barracks Tech Lab  
  35  3:57  Siege Tank  
  38  4:04  SCV  
  38  4:08  Marine  
  38  4:09  SCV  
  41  4:16  Starport  
  41  4:17  SCV  
  42  4:25  Marine  
  42  4:28  Orbital Command  
  43  4:43  Marine  
  43  4:45  Marauder, Combat Shields  
  46  4:49  Refinery  
  46  4:57  Supply Depot  
  46  5:02  Supply Depot  
  46  5:07  Starport Reactor  
  46  5:11  Marine x2, Marauder  
  46  5:12  Marine  
  51  5:20  Siege Tank  
  54  5:29  Marine x2  
  54  5:30  Marine  
  54  5:31  Supply Depot  
  54  5:32  Marine  
  58  5:46  Marine  
  58  5:47  Marauder  
  58  5:48  Marine  
  62  5:51  Marauder  
  62  5:52  Medivac  
  66  6:04  Marine  
  66  6:05  Marine  
  66  6:07  SCV  
  66  6:08  Marauder  
  71  6:12  Marauder  
  71  6:13  SCV  
  71  6:17  Medivac  
  76  6:19  SCV  
  76  6:22  Marine  
  78  6:39  Supply Depot  
  78  6:43  Command Center  
Tags
 
Composition
MMM Bio
League
Diamond
Matchup
TvZ
Opening
Pool First
Spawn Locations
Cross Positions
Add a new tag
Caveats
  • Supply blocks, unpowered buildings, or Contaminate may cause inaccurate times.
  • Supply counts are checked every 10 seconds.